 Dungeon Crawl Stone Soup version 0.21.1-1-g345015fe64 (webtiles) character file.

9893 Carigen the Cleaver (level 11, 0/99 HPs)
             Began as a Deep Dwarf Berserker on July 14, 2018.
             Was a Follower of Trog.
             Killed from afar by a storm dragon (3 damage)
             ... with a bolt of lightning
             ... on level 12 of the Dungeon on July 15, 2018.
             The game lasted 02:08:40 (9461 turns).

Carigen the Cleaver (Deep Dwarf Berserker)          Turns: 9461, Time: 02:08:41

Health: 0/99       AC: 14    Str: 31    XL:     11   Next: 29%
Magic:  9/9        EV: 14    Int: 11    God:    Trog [*.....]
Gold:   424        SH:  5    Dex: 14    Spells: 10/10 levels left

rFire    + + .     SeeInvis .   H - +2 hand axe "Qihotemo" {holy, *Corrode rF+ rN++ MP+9}
rCold    + . .     Gourm    .   r - +0 buckler
rNeg     + + .     Faith    .   I - +0 chain mail
rPois    +         Spirit   .   (no helmet)
rElec    +         Reflect  .   A - +0 cloak
rCorr    +         Harm     .   x - +0 pair of gloves
MR       +....                  v - +0 pair of boots of Winter {Str+3 Int+3}
Stlth    ..........             (no amulet)
HPRegen  0.00/turn              y - +1 ring of evasion
MPRegen  0.11/turn              d - +4 ring of strength

@: resistant, very slightly contaminated, non-regenerating
A: damage resistance, heal wounds, sense surroundings 2, strong 1, sturdy frame
1, no regeneration
a: Heal Wounds, Berserk, Burn Spellbooks, Renounce Religion


You were on level 12 of the Dungeon.
You worshipped Trog.
Trog was aware of your devotion.
You were not hungry.

You visited 1 branch of the dungeon, and saw 10 of its levels.
You also visited: Sewer.

You collected 424 gold pieces.

Inventory:

Hand Weapons
 i - a +3 hand axe
 l - a +3 hunting sling
 G - a +2 hand axe of freezing
 H - the +2 hand axe "Qihotemo" (weapon) {holy, *Corrode rF+ rN++ MP+9}
   (You found it on level 11 of the Dungeon)

   It has been blessed by the Shining One to cause great damage to the undead
   and demons.
   It protects you from fire.
   It greatly protects you from negative energy.
   It affects your magic capacity (+9).
   It may corrode you when you take damage.
Missiles
 j - 242 stones (quivered)
 o - 161 sling bullets
 p - 2 throwing nets
Armour
 n - a scarf of repulsion
 q - a scarf of cloud immunity
 r - a +0 buckler (worn)
 v - the +0 pair of boots of Winter (worn) {Str+3 Int+3}
   (You found it on level 4 of the Dungeon)

   It affects your strength (+3).
   It affects your intelligence (+3).
 x - a +0 pair of gloves (worn)
 A - a +0 cloak (worn)
 I - a +0 chain mail (worn)
Jewellery
 d - a +4 ring of strength (right hand)
 y - a +1 ring of evasion (left hand)
 z - an uncursed ring of stealth
Wands
 b - a wand of polymorph (8)
 D - a wand of flame (38)
 F - a wand of clouds (8)
 J - a wand of paralysis (24)
Scrolls
 c - 4 scrolls of fog
 e - 4 scrolls of identify
 g - 2 scrolls of amnesia
 h - 4 scrolls of remove curse
 k - a scroll of magic mapping
 w - a scroll of teleportation
 E - a scroll of noise
Potions
 a - a potion of might
 f - a potion of magic
 u - 3 potions of curing
 B - a potion of flight
 C - a potion of heal wounds {unknown}
 K - a potion of lignification {unknown}
Comestibles
 t - 10 rations


   Skills:
 + Level 6.4 Fighting
 * Level 12.2 Axes
 * Level 8.8 Slings
 + Level 7.1 Armour
 + Level 6.0 Dodging
 + Level 3.8 Stealth
 - Level 4.0 Shields
 + Level 0.4 Unarmed Combat
 + Level 0.5 Evocations


You had 10 spell levels left.
You didn't know any spells.

Dungeon Overview and Level Annotations

Branches:
Dungeon (12/15)            Temple (0/1) D:4
   Lair: D:8-11         Orc: D:9-12

Altars:
Ashenzari
Cheibriados
Nemelex Xobeh
Qazlal
Ru
Uskayaw

Shops:
D:7 }

Portals:
Trove: D:11 (give 13 scrolls of teleportation)

Annotations:
D:12 Peloso's ghost, journeyman MiFi


Innate Abilities, Weirdness & Mutations

You are resistant to damage.
You can heal yourself by infusing magical energy.
You passively map the area around you.
You do not regenerate.
Your muscles are strong. (Str +2)
Your movements are slightly less encumbered by armour. (ER -2)


Message History

Peloso's ghost is severely damaged.
You hit Peloso's ghost but do no damage.
Peloso's ghost is severely damaged.
Peloso's ghost hits you!
* * * LOW HITPOINT WARNING * * *
Blink to where?
Press: ? - help, Dir - move target cursor You are very lightly contaminated with residual magic.
As you read the scroll of blinking, it crumbles to dust.
You don't have enough innate magic capacity.
You don't have enough innate magic capacity.
As you read the scroll of teleportation, it crumbles to dust.
You feel strangely unstable.
Peloso's ghost says, "I was once a great warrior, and I still am!"
Your surroundings suddenly seem different.
The storm dragon roars deafeningly!
An iguana comes into view.
The storm dragon breathes lightning at you.
The bolt of lightning hits you! You resist.
You die...

* * ###### * * * ######
#....# , #....# #....# *
#....####....######## **
* #....#.......@.......
,
####....#.##....########
* ........# *#....# *, *
#####.### ##.D..# *
#####.###.##....#
..........##..l.# ,
..........##....#
..........##....#
..###.###.##....# * , *


You could see a storm dragon and an iguana.

Vanquished Creatures
  Erolcha (D:12)
  2 two-headed ogres (D:11)
  The ghost of hofbold the Fighter, a novice OgBe of Trog (D:6)
  An ugly thing (D:11)
  A hornet (D:12)
  A hippogriff (D:8)
  A shadow (D:12)
  A wraith (D:11)
  A human (D:7)
  10 yaks
  4 hogs (D:7)
  A hungry ghost (D:11)
  The ghost of koczy the Digger, an amateur GrEE (D:4)
  A water moccasin (D:8)
  A black bear (D:6)
  2 eyes of draining (D:11)
  A sky beast (D:5)
  A phantom (D:5)
  2 orc warriors (D:7)
  4 ogres
  The ghost of Roikka the Skirmisher, an amateur DsCK of Xom (D:3)
  4 centaurs
  A bullfrog (D:11)
  3 jellies
  6 scorpions
  A killer bee (D:12)
  14 wights
  5 howler monkeys
  3 lava snakes (D:12)
  3 crimson imps
  2 bullfrog zombies
  4 hounds
  4 orc priests
  A centaur skeleton (D:4)
  5 orc wizards
  2 iguanas
  Jessica (D:5)
  A bullfrog skeleton (D:5)
  10 worker ants
  2 hound zombies
  4 gnolls (D:2)
  3 river rats (Sewer)
  7 adders
  A shadow imp (D:6)
  A white imp (D:7)
  2 oozes
  2 worms
  3 dart slugs
  3 leopard geckos
  34 orcs
  9 giant cockroaches
  5 goblins
  6 hobgoblins
  17 jackals
  5 kobolds
  2 quokkas
  4 ball pythons
  8 bats
  7 frilled lizards
  A giant cockroach zombie (D:5)
  26 rats
  A fungus (D:5)
262 creatures vanquished.

Vanquished Creatures (others)
  12 fungi (D:5)
12 creatures vanquished.

Grand Total: 274 creatures vanquished

Notes
Turn   | Place    | Note
-------+----------+-------------------------------------------
     0 | D:1      | Carigen the Deep Dwarf Berserker began the quest for the Orb.
     0 | D:1      | Reached XP level 1. HP: 20/20 MP: 1/1
   119 | D:1      | Reached XP level 2. HP: 25/27 MP: 2/2
   453 | D:1      | Reached XP level 3. HP: 32/34 MP: 3/3
   595 | D:2      | Reached ** piety under Trog
   595 | D:2      | Reached skill level 4 in Axes
   603 | D:2      | Reached XP level 4. HP: 31/42 MP: 3/3
   979 | D:2      | Found a snail-covered altar of Cheibriados.
  1143 | D:2      | Found a sacrificial altar of Ru.
  1584 | D:3      | Noticed Roikka's ghost (amateur DsCK)
  1599 | D:3      | Killed Roikka's ghost
  1599 | D:3      | Reached skill level 5 in Axes
  1599 | D:3      | Reached XP level 5. HP: 50/50 MP: 3/3
  1832 | D:3      | Found a glowing drain.
  1856 | Sewer    | Entered a sewer
  1862 | Sewer    | Reached skill level 1 in Stealth
  1963 | D:3      | Reached skill level 1 in Slings
  1963 | D:3      | Reached XP level 6. HP: 38/57 MP: 3/3
  2339 | D:4      | Noticed koczy's ghost (amateur GrEE)
  2348 | D:4      | Killed koczy's ghost
  2499 | D:4      | Found a staircase to the Ecumenical Temple.
  2543 | D:4      | Reached XP level 7. HP: 63/63 MP: 3/3
  2582 | D:4      | Reached skill level 6 in Axes
  2640 | D:4      | Reached *** piety under Trog
  2776 | D:4      | Got a pair of steaming boots
  2787 | D:4      | Identified the cursed +0 pair of boots of Winter {Str+3 Int+3} (You found it on level 4 of the Dungeon)
  2982 | D:4      | Reached skill level 1 in Shields
  3075 | D:4      | Found a sparkling altar of Nemelex Xobeh.
  3095 | D:4      | Reached skill level 5 in Dodging
  3153 | D:4      | Received a gift from Trog
  3559 | D:4      | Reached XP level 8. HP: 56/72 MP: 2/2
  3657 | D:5      | Entered Level 5 of the Dungeon
  3723 | D:5      | Found a sparkling altar of Nemelex Xobeh.
  3723 | D:5      | Noticed Jessica
  3735 | D:5      | Killed Jessica
  3822 | D:5      | Reached **** piety under Trog
  3878 | D:5      | Reached skill level 7 in Axes
  4315 | D:5      | Reached skill level 8 in Axes
  4324 | D:5      | Reached skill level 5 in Slings
  4756 | D:5      | Gained mutation: You passively map the area around you. [Deep Dwarf growth]
  4756 | D:5      | Reached XP level 9. HP: 80/80 MP: 1/1
  4974 | D:6      | Noticed hofbold's ghost (novice OgBe)
  5009 | D:6      | Killed hofbold's ghost
  5009 | D:6      | Reached skill level 5 in Fighting
  5009 | D:6      | Reached skill level 9 in Axes
  5009 | D:6      | Reached skill level 5 in Armour
  5258 | D:6      | Noticed a hand axe
  5259 | D:6      | Noticed a dagger
  5261 | D:6      | Found a hide-covered altar of Uskayaw.
  5422 | D:6      | Found a stormy altar of Qazlal.
  5587 | D:6      | Found a shattered altar of Ashenzari.
  5960 | D:6      | Received a gift from Trog
  6092 | D:7      | Found Zuvvuope's Gadget Boutique.
  6581 | D:7      | Gained mutation: Your movements are slightly less encumbered by armour. (ER -2) [potion of mutation]
  6581 | D:7      | Gained mutation: Your muscles are strong. (Str +2) [potion of mutation]
  6790 | D:7      | Reached skill level 10 in Axes
  6790 | D:7      | Reached XP level 10. HP: 84/88 MP: 1/1
  7059 | D:7      | Found a hide-covered altar of Uskayaw.
  7553 | D:8      | You fall through a shaft for 3 floors!
  7615 | D:11     | Got a warped hand axe
  7618 | D:11     | Noticed a two-headed ogre
  7625 | D:11     | Identified the +2 hand axe "Qihotemo" {holy, *Corrode rF+ rN++ MP+9} (You found it on level 11 of the Dungeon)
  7633 | D:11     | Received a gift from Trog
  7641 | D:11     | Killed a two-headed ogre
  7735 | D:11     | Reached skill level 11 in Axes
  7787 | D:11     | Noticed a two-headed ogre
  7802 | D:11     | Killed a two-headed ogre
  8337 | D:11     | Found a portal to a secret trove of treasure.
  8407 | D:11     | Noticed a green ugly thing
  8431 | D:11     | Killed a green ugly thing
  8431 | D:11     | Reached XP level 11. HP: 97/97 MP: 1/1
  9010 | D:12     | Reached skill level 12 in Axes
  9117 | D:12     | Noticed a storm dragon
  9400 | D:12     | Noticed Erolcha
  9400 | D:12     | Noticed Peloso's ghost (journeyman MiFi)
  9438 | D:12     | Killed Erolcha
  9455 | D:12     | HP: 3/99 [Peloso's ghost (7)]
  9461 | D:12     | Killed from afar by a storm dragon

Skill      XL: |  1  2  3  4  5  6  7  8  9 10 11 |
---------------+----------------------------------+-----
Fighting       | 3 4 5 6 |  6.4
Axes           | 4 5 6 8 10 11 12 | 12.2
Dodging        | 3 4 5 6 |  6.0
Stealth        | 1 2 3 |  3.8
Slings         | 1 2 3 5 7 8 |  8.8
Armour         | 3 4 5 6 7 |  7.1
Shields        | 1 3 4 |  4.0
Unarmed Combat | |  0.4
Evocations     | |  0.5

Action                   |  1- 3 |  4- 6 |  7- 9 | 10-12 || total
-------------------------+-------+-------+-------+-------++-------
Melee: Hand axe          |    86 |   219 |   504 |   304 ||  1113
       Unarmed           |       |       |    19 |       ||    19
       Battleaxe         |       |       |     4 |       ||     4
 Fire: Hunting sling     |       |     8 |    86 |    35 ||   129
Throw: Stone             |       |       |    10 |    10 ||    20
Invok: Berserk           |     1 |     3 |     2 |     3 ||     9
       Trog's Hand       |       |     2 |     9 |    23 ||    34
       Burn Spellbooks   |       |       |     2 |       ||     2
 Abil: Heal Wounds       |     3 |    13 |     7 |     5 ||    28
Evoke: Wand              |       |       |       |     2 ||     2
  Use: Scroll            |       |     6 |     7 |    10 ||    23
       Potion            |       |     4 |     6 |     2 ||    12
 Stab: Sleeping          |     1 |       |     1 |       ||     2
  Eat: Chunk             |       |     4 |    11 |     8 ||    23
       Ration            |       |     2 |     2 |     5 ||     9
Armor: Robe              |    19 |    19 |       |       ||    38
       Scale mail        |       |    51 |    35 |       ||    86
       Chain mail        |       |       |   105 |   103 ||   208
Dodge: Dodged            |    55 |   131 |   264 |   181 ||   631
       Deflected         |       |     8 |     8 |       ||    16
Block: Buckler           |       |    19 |    73 |    57 ||   149
